cohdb
Replays
Latest Replays
All Replays
Popular Replays
Top Player Replays
Match Explorer
How It Works
Community
CoH3 Stats
Reddit
Sign in to upload your games and track your stats! →
Sign in with Steam
Match 41413986
Unlisted
Match 41413986
Overview
Messages
Build Orders
End
Scout Squad
Construct Barracks
Selects Airborne Battlegroup
Selects Heavy Machine Gun Paradrop
Riflemen Squad
Heavy Machine Gun Paradrop
Riflemen Squad
Grenade Package
Selects Recon Loiter
Recon Loiter
Mechanized Support Center
Riflemen Squad
Construct Motor Pool
M3 75 mm Gun Motor Carriage
Selects Supply Drop
Recon Loiter
M3 75 mm Gun Motor Carriage
Engineer Squad
Designate Forward Repair Station
M1918 Browning Automatic Rifles
Recon Loiter
Riflemen Squad
Construct Tank Depot
Recon Loiter
Selects Carpet Bombing Run
Carpet Bombing Run
M18 Hellcat Tank Destroyer
M1 Anti-tank Gun Team
Supply Drop
Carpet Bombing Run
Selects Paratrooper Squad Paradrop
Selects Anti-tank Gun Team Paradrop
Anti-tank Gun Team Paradrop
Esxile
W
bibotot1995
Jamoro
0
0
Comments
sign in to comment!
No comments posted yet!